 Dungeon Sprint DCSS version 0.30-a0-335-ge5acde7520 (webtiles) character file.

Game seed: 2141730831069339831

1950 mhtbhm the Protected (level 8, -14/84 HPs)
             Began as an Armataur Fighter on Oct 30, 2022.
             Was an Initiate of Gozag.
             Demolished by a death knight
             ... wielding a +0 broad axe
              (20 damage)
             ... in the Dungeon (Sprint IX: "|||||||||||||||||||||||||||||").
             The game lasted 00:01:54 (531 turns).

mhtbhm the Protected (Armataur Fighter)              Turns: 531, Time: 00:01:55

Health: -14/84     AC: 14    Str: 26    XL:     8   Next: 99%
Magic:  8/8        EV:  9    Int: 10    God:    Gozag
Gold:   96         SH:  6    Dex:  9    Spells: 7/7 levels left

rFire   . . .      SeeInvis .    a - +0 flail
rCold   . . .      Faith    .    c - +0 buckler
rNeg    . . .      Spirit   .    b - +1 chain mail
rPois   .          Reflect  .    (no helmet)
rElec   .          Harm     .    (no cloak)
rCorr   .          Roll     +    m - +0 pair of gloves
Will    .....      NoTele   +    (no barding)
Stlth   ..........               (no amulet)
HPRegen 0.34/turn                n - +2 ring of evasion
MPRegen 0.11/turn                o - +3 ring of strength

@: no status effects
A: large, rugged brown scales 3, deformed body, armoured tail, roll, long
tongue, awkward tongue
a: Renounce Religion, Potion Petition, Call Merchant, Bribe Branch


You were in the Dungeon.
You worshipped Gozag.
Gozag was noncommittal.
You visited 1 branch You collected 648 gold pieces.
You paid 552 gold pieces to Gozag.

Inventory:

Hand Weapons
 a - a +0 flail (weapon)
Armour
 b - a +1 chain mail (worn)
 c - a +0 buckler (worn)
 m - a +0 pair of gloves (worn)
Jewellery
 n - a +2 ring of evasion (left hand)
 o - a +3 ring of strength (right hand)
Wands
 l - a wand of roots (8)
Scrolls
 j - 2 scrolls of blinking
 k - 2 scrolls of amnesia
Potions
 h - 4 potions of magic


   Skills:
 + Level 9.8 Fighting
 + Level 8.7 Maces & Flails
 + Level 13.0 Armour
 + Level 2.1 Dodging
 + Level 4.2 Stealth
 + Level 10.7 Shields
 + Level 1.0 Evocations


You had 7 spell levels left.
You didn't know any spells.
Your spell library was empty.

Dungeon Overview and Level Annotations

Branches:
Dungeon (1/1)

Altars:
Cheibriados
Dithmenos
Elyvilon
Fedhas
Gozag
Hepliaklqana
Kikubaaqudgha
Makhleb
Nemelex Xobeh
Okawaru
Qazlal
Ru
Sif Muna
Trog
Uskayaw
Vehumet
Wu Jian
Xom
Yredelemnul
Zin
The Shining One
Jiyva
Lugonu


Innate Abilities, Weirdness & Mutations

You are completely covered in rugged brown scales. (AC +3, +7% HP)
Armour fits poorly on your strangely shaped body.
You have a long armoured tail.
You roll when moving toward enemies. (Rampage)
Your long tongue fully drains potion bottles. (2x potion effects)
Your tongue gives you trouble enunciating. (1.5x scroll delay)


Message History

The death knight is lightly wounded.
You block the death knight's attack.
You hit the death knight.
The death knight is lightly wounded.
The death knight hits you with a +0 broad axe!
You are too injured to fight recklessly!
You are too injured to fight recklessly!
You are too injured to fight recklessly!
You are too injured to fight recklessly!
You are too injured to fight recklessly!
You are too injured to fight recklessly!
You are too injured to fight recklessly!
You are too injured to fight recklessly!
You are too injured to fight recklessly!
You are too injured to fight recklessly!
You are too injured to fight recklessly!
You are too injured to fight recklessly!
You are too injured to fight recklessly!
You are too injured to fight recklessly!
You are too injured to fight recklessly!
You are too injured to fight recklessly!
You are too injured to fight recklessly!
You are too injured to fight recklessly!
You are too injured to fight recklessly!
You are too injured to fight recklessly!
Okay, then.
You need at least 400 gold to purchase potions right now!
You hit the death knight but do no damage.
The death knight is lightly wounded.
The death knight hits you with a +0 broad axe!
* * * LOW HITPOINT WARNING * * *
You hit the death knight.
The death knight is moderately wounded.
The death knight hits you with a +0 broad axe!
* * * LOW HITPOINT WARNING * * *
You hit the death knight.
The death knight is moderately wounded.
The death knight hits you with a +0 broad axe!!
You die...
Your body crumbles into a pile of gold. ▓▓▓▓▓▓▓▓▓▓▓▓▓▓▓▓▓▓▓▓▓▓ ____'....))....p@...<▓ ▓▓▓▓▓▓▓▓▓▓▓▓▓▓▓▓▓▓▓▓▓▓ $$$$$$$

You could see a death knight.

Vanquished Creatures
  A death knight (D)
  A tengu conjurer (D)
  2 trolls (D)
  A wyvern (D)
  A vampire (D)
  A steam dragon (D)
  A centaur (D)
  A gnoll sergeant (D)
  A scorpion (D)
  A killer bee (D)
  A jelly (D)
  2 orcs (D)
  A giant cockroach (D)
  A goblin (D)
  A quokka (D)
  A frilled lizard (D)
  A kobold (D)
19 creatures vanquished.

Vanquished Creatures (others)
  An orc wizard (D)
1 creature vanquished.

Grand Total: 20 creatures vanquished

Notes
Turn   | Place    | Note
-------+----------+-------------------------------------------
     0 | D        | mhtbhm the Armataur Fighter began the quest for the Orb.
     0 | D        | Reached XP level 1. HP: 19/19 MP: 1/1
    13 | D        | Reached skill level 4 in Armour
    48 | D        | Noticed a gnoll sergeant
    48 | D        | Noticed a jelly
    48 | D        | Noticed a scorpion
    53 | D        | Killed a scorpion
    54 | D        | Reached skill level 6 in Armour
    54 | D        | Reached skill level 5 in Shields
    54 | D        | Reached XP level 2. HP: 29/29 MP: 2/2
    54 | D        | Reached XP level 3. HP: 36/36 MP: 3/3
    63 | D        | Reached skill level 5 in Fighting
    63 | D        | Reached XP level 4. HP: 44/44 MP: 4/4
    64 | D        | Killed a gnoll sergeant
    65 | D        | Reached skill level 7 in Armour
    65 | D        | Reached XP level 5. HP: 53/53 MP: 5/5
   115 | D        | Found a snail-covered altar of Cheibriados.
   115 | D        | Found a shadowy altar of Dithmenos.
   115 | D        | Found a white marble altar of Elyvilon.
   115 | D        | Found a blossoming altar of Fedhas.
   115 | D        | Found an opulent altar of Gozag.
   116 | D        | Found a hazy altar of Hepliaklqana.
   117 | D        | Found a viscous altar of Jiyva.
   118 | D        | Found an ancient bone altar of Kikubaaqudgha.
   119 | D        | Found a corrupted altar of Lugonu.
   120 | D        | Found a burning altar of Makhleb.
   121 | D        | Found a sparkling altar of Nemelex Xobeh.
   122 | D        | Found an iron altar of Okawaru.
   223 | D        | Found a stormy altar of Qazlal.
   224 | D        | Found a sacrificial altar of Ru.
   225 | D        | Found a shimmering blue altar of Sif Muna.
   226 | D        | Found a bloodstained altar of Trog.
   231 | D        | Became a worshipper of Gozag Ym Sagoz the Greedy
   236 | D        | Found a hide-covered altar of Uskayaw.
   237 | D        | Found a radiant altar of Vehumet.
   238 | D        | Found an ornate altar of the Wu Jian Council.
   239 | D        | Found a shimmering altar of Xom.
   240 | D        | Found a basalt altar of Yredelemnul.
   241 | D        | Found a glowing silver altar of Zin.
   242 | D        | Found a glowing golden altar of the Shining One.
   289 | D        | Noticed a steam dragon
   289 | D        | Noticed a wyvern
   289 | D        | Noticed a centaur
   289 | D        | Noticed a troll
   297 | D        | Killed a troll
   298 | D        | Reached skill level 5 in Maces & Flails
   298 | D        | Reached skill level 9 in Armour
   298 | D        | Reached skill level 1 in Dodging
   298 | D        | Reached XP level 6. HP: 56/64 MP: 6/6
   300 | D        | Reached skill level 10 in Armour
   307 | D        | Killed a wyvern
   308 | D        | Reached XP level 7. HP: 55/72 MP: 7/7
   329 | D        | Killed a steam dragon
   330 | D        | Reached skill level 11 in Armour
   414 | D        | Noticed a cyclops
   414 | D        | Noticed a death knight
   414 | D        | Noticed a tengu conjurer
   414 | D        | Noticed a troll
   414 | D        | Noticed a vampire
   414 | D        | Noticed a death knight
   431 | D        | Killed a death knight
   432 | D        | Reached skill level 12 in Armour
   432 | D        | Reached skill level 10 in Shields
   432 | D        | Reached XP level 8. HP: 44/83 MP: 8/8
   456 | D        | Killed a troll
   465 | D        | Killed a tengu conjurer
   466 | D        | Reached skill level 13 in Armour
   466 | D        | Reached skill level 1 in Evocations
   531 | D        | Demolished by a death knight

Illustrated notes

Levels and vault maps discovered:
D:        linesprint [early_d, line_temple, items_1, d_10, items_2, lair_1,
          lair_end, items_3, orc_1, orc_end, items_4, d_15, swamp_1, shoals_1,
          snake_1, spider_1, d_20, vaults_1, items_5, swamp_end, shoals_end,
          snake_end, spider_end, vaults_end, d_27, items_6, zot_1, zot_end,
          crypt_end, forest_end, elf_end, slime_end, tomb_end, abyss_end,
          pan_hell_end]

Skill      XL: |  1  2  3  4  5  6  7  8 |
---------------+-------------------------+-----
Fighting       | 4 5 7 8 9 |  9.8
Armour         | 6 7 9 10 12 13 | 13.0
Maces & Flails | 3 4 5 6 7 8 |  8.7
Shields        | 5 6 8 9 10 | 10.7
Dodging        | 1 2 |  2.1
Stealth        | 3 4 |  4.2
Evocations     | 1 |  1.0

Action                   |  1- 3 |  4- 6 |  7- 9 || total
-------------------------+-------+-------+-------++-------
Melee: Flail             |    32 |    14 |    69 ||   115
       Tailslap          |       |     4 |    10 ||    14
Invok: Potion Petition   |       |       |     1 ||     1
Evoke: Wand              |       |     1 |     1 ||     2
  Use: Potion            |     1 |     3 |     8 ||    12
 Stab: Invisible         |       |       |     3 ||     3
Armor: Scale mail        |    15 |       |       ||    15
       Chain mail        |       |     3 |    29 ||    32
Dodge: Dodged            |     4 |     3 |     8 ||    15
Block: Buckler           |     4 |     2 |    15 ||    21

Table legend: (Time is in decaauts)
 A = Elapsed time spent in this place.
 B = Non-inter-level travel time spent in this place.
 C = Inter-level travel time spent in this place.
 D = Time resting spent in this place.
 E = Time spent auto-exploring this place.
 F = Levels seen in this place.
 G = Mean time per level.
                   A        B        C        D        E       F      G
               +--------+--------+--------+--------+--------+-----+--------+
         Total |    516 |    516 |      0 |    240 |      3 |   1 |  516.0 |
       Dungeon |    516 |    516 |      0 |    240 |      3 |   1 |  516.0 |
               +--------+--------+--------+--------+--------+-----+--------+

Top non-repeatable levels by time:
       D: 516 daAuts
